 Dungeon Crawl Stone Soup version 0.30-a0-632-g346586fe48 (webtiles) character file.

Game seed: 6766417653677014120

452 Strat the Slasher (level 6, -5/42 (48) HPs)
             Began as a Draconian Reaver on Jan 13, 2023.
             Was an Initiate of Ashenzari.
             Slain by a gnoll
             ... wielding a staff of fire
              (7 damage)
             ... on level 4 of the Dungeon.
             The game lasted 00:10:22 (2984 turns).

Strat the Slasher (Draconian Reaver)                Turns: 2984, Time: 00:10:22

HP:   -5/42 (48)    AC:  6    Str: 14    XL:     6   Next: 75%
MP:   9/9           EV: 12    Int: 14    God:    Ashenzari [......]
Gold: 165           SH:  0    Dex: 11    Spells: 3/9 levels left

rFire   + . .      SeeInvis +    a - +0 falchion
rCold   + + .      Faith    .    (no shield)
rNeg    . . .      Spirit   .    (body armour unavailable)
rPois   +          Reflect  .    (helmet restricted)
rElec   +          Harm     .    (no cloak)
rCorr   +          Rampage  .    (no gloves)
Will    .....                    (no boots)
Stlth   +                        (no amulet)
HPRegen 0.27/turn                g - ring of see invisible
MPRegen 0.11/turn                l - ring of protection from cold

@: resistant, attractive, heavily drained
A: AC +6, unfitting armour, cold-blooded
a: Renounce Religion


You were on level 4 of the Dungeon.
You worshipped Ashenzari.
Ashenzari was noncommittal.
You visited 2 branches of the dungeon, and saw 5 of its levels.

You collected 165 gold pieces.

Inventory:

Hand Weapons
 a - a +0 falchion (weapon)
 c - a +0 sling
Missiles
 b - 6 poisoned darts
 o - 3 curare-tipped darts
Jewellery
 g - a ring of see invisible (left hand)
 l - a ring of protection from cold (right hand)
Scrolls
 n - a scroll of teleportation
 p - a scroll of fog {unknown}
 q - 2 scrolls of enchant weapon {unknown}
Potions
 i - a potion of resistance
 k - a potion of mutation {unknown}
 m - a potion of flight {unknown}


   Skills:
 - Level 2.1 Fighting
 + Level 6.6 Long Blades
 - Level 1.7 Dodging
 - Level 2.0 Spellcasting
 - Level 5.0 Conjurations


You had 3 spell levels left.
You knew the following spells:

 Your Spells              Type           Power      Damage    Failure   Level
a - Kiss of Death         Conj/Necr      32%        2d7       9%          1
b - Momentum Strike       Conj/Tloc      16%        3d8       13%         2
c - Hailstorm             Conj/Ice       8%         3d4       26%         3

Your spell library contained the following spells:

 Spells                   Type           Power      Damage    Failure   Level


Dungeon Overview and Level Annotations

Branches:
Dungeon (4/15)             Temple (1/1) D:4

Altars:
Ashenzari
Cheibriados
Dithmenos
Elyvilon
Fedhas
Kikubaaqudgha
Makhleb
Nemelex Xobeh
Okawaru
Qazlal
Ru
Sif Muna
Trog
Uskayaw
Vehumet
Wu Jian
Xom
Yredelemnul
Zin
The Shining One


Innate Abilities, Weirdness & Mutations

Your plain brown scales are hard. (AC +6)
You cannot fit into any form of body armour.
You are cold-blooded and may be slowed by cold attacks.


Message History

The necrophage attacks as you move away!
The necrophage hits you.
* * * LOW HITPOINT WARNING * * *
You feel drained.
You feel sick.
You feel sick.
You feel sick.
The necrophage attacks as you move away!
The necrophage closely misses you.
You feel sick.
The dart slug briefly extends its eye-stalks.
You hit the necrophage.
The necrophage is lightly damaged.
You feel sick. The necrophage hits you.
* * * LOW HITPOINT WARNING * * *
You feel drained.
You closely miss the necrophage.
The necrophage is lightly damaged.
You feel sick. The necrophage hits you.
* * * LOW HITPOINT WARNING * * *
You feel drained.
* * * LOW HITPOINT WARNING * * *
You slash the necrophage!
Your tail-slap misses the necrophage.
The necrophage is heavily damaged.
You feel sick.
You are no longer poisoned.
The necrophage hits you.
* * * LOW HITPOINT WARNING * * *
You feel drained.
* * * LOW HITPOINT WARNING * * *
You closely miss the necrophage.
The necrophage is heavily damaged.
The necrophage hits you.
* * * LOW HITPOINT WARNING * * *
You feel drained.
It was a potion of attraction.
You feel attractive to monsters. The necrophage misses you.
The gnoll is attracted toward you. The gnoll attacks as you move away!
The gnoll closely misses you.
You barely miss the gnoll.
The gnoll hits you with a staff of fire!
You die...

...#
#...........###''###........
..##
##..........#≈≈††≈≈#..###..#
.##
#.......)...#≈....≈#...**###
## ##..........#≈..8.≈#,,,*
####.......#≈.8.)≈#,,,*
##..w##.#≈....≈#*,,*
###.g###≈≈≈≈≈≈#*,**
#...n.########,,,* #...g@#
***,** ####.## **,,,** ###
*,,,,,* ***,,,** *,,,,*
***,,* ****


You could see a necrophage, 2 gnolls and a dart slug.

Vanquished Creatures
  A black bear (D:4)
  A phantom (Temple)
  A scorpion (D:4)
  A hound (D:4)
  Jessica (D:3)
  Robin (D:2)
  7 adders
  A gnoll (D:3)
  2 worms (D:3)
  2 dart slugs (D:4)
  5 orcs
  5 endoplasms
  A giant cockroach (D:4)
  13 goblins
  12 hobgoblins
  A quokka (D:1)
  8 ball pythons
  5 bats
  A frilled lizard (D:1)
  5 kobolds
  7 rats (D:1)
81 creatures vanquished.

Notes
Turn   | Place    | Note
-------+----------+-------------------------------------------
     0 | D:1      | Strat the Draconian Reaver began the quest for the Orb.
     0 | D:1      | Reached XP level 1. HP: 17/17 MP: 3/3
   214 | D:1      | Reached XP level 2. HP: 24/24 MP: 5/5
   217 | D:1      | Learned a level 2 spell: Momentum Strike
   383 | D:1      | Reached skill level 4 in Long Blades
   616 | D:2      | Found a stormy altar of Qazlal.
   660 | D:2      | Reached XP level 3. HP: 16/27 MP: 1/6
   840 | D:2      | Noticed Robin
   913 | D:2      | Killed Robin
  1190 | D:2      | Reached XP level 4. HP: 36/36 MP: 7/7
  1351 | D:2      | Learned a level 3 spell: Hailstorm
  1461 | D:3      | Reached skill level 5 in Long Blades
  1528 | D:3      | Found an ancient bone altar of Kikubaaqudgha.
  1638 | D:3      | Noticed Jessica
  1643 | D:3      | Killed Jessica
  1819 | D:3      | Reached XP level 5. HP: 41/41 MP: 5/8
  2318 | D:4      | Found a staircase to the Ecumenical Temple.
  2487 | D:4      | Found a white marble altar of Elyvilon.
  2496 | D:4      | Noticed a phantom
  2677 | D:4      | Noticed a black bear
  2688 | D:4      | Killed a black bear
  2689 | D:4      | Reached skill level 6 in Long Blades
  2689 | D:4      | Reached XP level 6. HP: 23/45 MP: 6/9
  2722 | D:4      | Found a radiant altar of Vehumet.
  2820 | D:4      | Identified the +5 whip of a treasure trove {venom, rElec
                  | rCorr Int+3}
  2824 | Temple   | Entered the Ecumenical Temple
  2829 | Temple   | Reached skill level 5 in Conjurations
  2957 | Temple   | Became a worshipper of Ashenzari the Shackled
  2980 | D:4      | HP: 1/43 [necrophage (3)]
  2984 | D:4      | Slain by a gnoll

Illustrated notes

Levels and vault maps discovered:
D:1:      lightli_iron_boxes, layout_loops_ring, minmay_tiny_reverse_x
D:2:      layout_basic, basic_altar, uniq_robin
D:3:      layout_basic, kiku_gazebo_pond_becter, minmay_misc_feat_roman,
          uniq_jessica
D:4:      minmay_wonky_spiral, layout_cave_pools,
          nicolae_hepliaklqana_hippocampus, kennysheep_mini,
          kennysheep_little_box, minmay_temple_entry_grid, minmay_fountain_box,
          kennysheep_generic_room_12
Temple:   sentei_temple_godly_chess

Skill      XL: |  1  2  3  4  5  6 |
---------------+-------------------+-----
Long Blades    | 4 5 6 |  6.6
Conjurations   | 4 5 |  5.0
Fighting       | |  2.1
Dodging        | |  1.7
Spellcasting   | |  2.0

Action                   |  1- 3 |  4- 6 || total
-------------------------+-------+-------++-------
Melee: Falchion          |   115 |   145 ||   260
       Tailslap          |     9 |    14 ||    23
       Punch             |     1 |     1 ||     2
 Cast: Momentum Strike   |     3 |     8 ||    11
       Kiss of Death     |     1 |     2 ||     3
  Use: Scroll            |       |     5 ||     5
       Potion            |       |     3 ||     3
 Stab: Sleeping          |     1 |     3 ||     4
Armor: Skin              |    36 |    45 ||    81
Dodge: Dodged            |    73 |    99 ||   172

Table legend: (Time is in decaauts)
 A = Elapsed time spent in this place.
 B = Non-inter-level travel time spent in this place.
 C = Inter-level travel time spent in this place.
 D = Time resting spent in this place.
 E = Time spent auto-exploring this place.
 F = Levels seen in this place.
 G = Mean time per level.
                   A        B        C        D        E       F      G
               +--------+--------+--------+--------+--------+-----+--------+
         Total |   2997 |   2902 |     95 |    373 |   1624 |   5 |  599.4 |
       Dungeon |   2858 |   2768 |     90 |    276 |   1624 |   4 |  714.5 |
        Temple |    139 |    134 |      5 |     97 |      0 |   1 |  139.0 |
               +--------+--------+--------+--------+--------+-----+--------+

Top non-repeatable levels by time:
     D:3: 859 daAuts
     D:2: 819 daAuts
     D:1: 623 daAuts
     D:4: 556 daAuts
  Temple: 139 daAuts
